[Event "Team 45 45 League T37"]
[Site "Internet Chess Club"]
[Date "2008.05.24"]
[Round "5"]
[White "Rookmaster"]
[Black "twinders"]
[Result "1-0"]
[WhiteElo "1734"]
[BlackElo "1668"]
[Opening "Sicilian, Chekhover variation"]
[ECO "B53"]
[Time "06:53:19"]
[TimeControl "2700+45"]

1. e4 c5 2. Nf3 d6 3. d4 cxd4 4. Qxd4 Nc6 5. Bb5 a6 6. Bxc6+ bxc6 7. Bg5 Bg4 8.
Nc3 Qa5 9. Qa4 Qxa4 10. Nxa4 g6 11. h3 Be6 12. Nd4 c5 13. Nxe6 fxe6 14. O-O-O
Bg7 15. Rhe1 Rb8 16. f4 Rb4 17. b3 Nf6 18. e5 Nd5 19. exd6 O-O 20. Bxe7 Nxe7 21.
dxe7 Re8 22. Rd8 Rb8 23. Rxe8+ Rxe8 24. Nxc5 Rxe7 25. Rxe6 Rxe6 26. Nxe6 Bc3 27.
Nc5 a5 28. Ne4 Bb4 29. Kb2 Kf7 30. a3 Be7 31. c3 Ke6 32. b4 axb4 33. axb4 Kd5
34. Nd2 Bd6 35. Kb3 Bxf4 36. Nf3 Kc6 37. c4 Bd6 38. Nd4+ Kb6 39. c5+ Bxc5 40.
bxc5+ Kxc5 41. Ne6+ Kd5 42. Nf8 Ke4 43. Nxh7 Kf4 44. Nf8 {Black resigns} 1-0

[Event "Team 45 45 League T37"]
[Site "Internet Chess Club"]
[Date "2008.05.26"]
[Round "5"]
[White "GolfSuper"]
[Black "peterdiplaros"]
[Result "1-0"]
[WhiteElo "1579"]
[BlackElo "1544"]
[Opening "Sicilian: dragon, Yugoslav attack, 10.O-O-O"]
[ECO "B78"]
[Time "19:58:13"]
[TimeControl "2700+45"]

1. e4 c5 2. Nf3 d6 3. d4 cxd4 4. Nxd4 Nf6 5. Nc3 g6 6. Be3 Bg7 7. Bc4 Nc6 8. f3
O-O 9. Qd2 Bd7 10. O-O-O Rb8 11. h4 b5 12. Bb3 Na5 13. g4 Nc4 14. Bxc4 bxc4 15.
Nd5 Nxd5 16. exd5 Qb6 17. c3 Qa5 18. a3 Ba4 19. Rdg1 Qxd5 20. h5 Bxd4 21. Bxd4
e5 22. hxg6 fxg6 23. Rh5 exd4 24. Rxd5 dxc3 25. Qxc3 Rf4 26. Rxd6 Rb3 27. Rd8+
Kf7 28. Qe5 Rbxf3 29. Re1 g5 30. Qe7+ Kg6 31. Rg8+ Kh6 32. Rh1+ {Black resigns}
1-0

[Event "Team 45 45 League T37"]
[Site "Internet Chess Club"]
[Date "2008.05.25"]
[Round "5"]
[White "Endgamer"]
[Black "PostMike"]
[Result "1-0"]
[WhiteElo "1459"]
[BlackElo "1524"]
[Opening "Sicilian defense"]
[ECO "B30"]
[Time "14:03:01"]
[TimeControl "2700+45"]

1. e4 c5 2. Nf3 Nc6 3. c3 d5 4. exd5 Qxd5 5. d4 Bg4 6. Bb5 cxd4 7. c4 Qe4+ 8.
Qe2 Bxf3 9. gxf3 Qxe2+ 10. Kxe2 e5 11. Nd2 Nf6 12. Ne4 Nxe4 13. fxe4 O-O-O 14.
Bd2 d3+ 15. Kf1 Nd4 16. Kg2 f5 17. f3 Be7 18. Ba4 Rhf8 19. Bc3 fxe4 20. fxe4 Rf4
21. Rhe1 Bh4 22. Red1 Rxe4 23. Rxd3 Ne2 24. Rxd8+ Kxd8 25. Rd1+ Nd4 26. Kf1 Ke7
27. Be1 Rxe1+ 28. Rxe1 Bxe1 29. Kxe1 Nf3+ 30. Kf2 Nxh2 31. Bd1 e4 32. Be2 Kf6
33. b4 Nf3 34. Bxf3 exf3 35. Kxf3 Ke5 36. c5 Kd5 37. a3 Kc4 38. Kf4 Kb3 39. b5
Kxa3 40. c6 bxc6 41. bxc6 {Black resigns} 1-0

[Event "Team 45 45 League T37"]
[Site "Internet Chess Club"]
[Date "2008.05.21"]
[Round "5"]
[White "N20863"]
[Black "RingLord"]
[Result "1/2-1/2"]
[WhiteElo "1277"]
[BlackElo "1577"]
[Opening "Sicilian: Taimanov variation"]
[ECO "B46"]
[Time "15:00:04"]
[TimeControl "2700+45"]

1. e4 c5 2. Nf3 e6 3. Nc3 Nc6 4. d4 cxd4 5. Nxd4 a6 6. Nxc6 bxc6 7. Bd3 Qc7 8.
O-O Nf6 9. Be3 d5 10. exd5 cxd5 11. Qe2 Be7 12. Rab1 O-O 13. Qd2 Bb7 14. Ne2
Rfd8 15. c3 Bd6 16. g3 Ng4 17. Bf4 e5 18. Be3 Qc6 19. Bg5 f6 20. h3 Nxf2 21.
Rxf2 fxg5 22. Qxg5 d4 23. Bxh7+ Kh8 24. Kf1 Qh1+ 25. Ng1 Kxh7 26. Qh5+ Kg8 27.
Qf7+ Kh7 {Game drawn by mutual agreement} 1/2-1/2

[Event "Team 45 45 League T37"]
[Site "Internet Chess Club"]
[Date "2008.05.24"]
[Round "5"]
[White "Miles295"]
[Black "frontier"]
[Result "1-0"]
[WhiteElo "2180"]
[BlackElo "2156"]
[Opening "French: Albin-Alekhine-Châtard attack"]
[ECO "C13"]
[Time "14:01:52"]
[TimeControl "2700+45"]

1. e4 e6 2. d4 d5 3. Nc3 Nf6 4. Bg5 Be7 5. e5 Nfd7 6. h4 Bxg5 7. hxg5 Qxg5 8.
Nh3 Qe7 9. Nf4 Nc6 10. Qd2 Nb6 11. O-O-O Bd7 12. Nh5 O-O-O 13. Nxg7 Na5 14. b3
Qa3+ 15. Kb1 Kb8 16. Rh3 Rc8 17. Nh5 c5 18. Nf6 cxd4 19. Qxd4 Nc6 20. Nb5 Qe7
21. Qf4 a6 22. Nd6 Rc7 23. Be2 a5 24. Rdh1 d4 25. Rxh7 Rf8 26. Rh8 Nb4 27. Bd3
Bc6 28. Qxd4 N6d5 29. Nxd5 Nxd5 30. Bb5 Nb4 31. a3 Nxc2 32. Qh4 Rxh8 33. Qxh8+
Ka7 34. Bxc6 Nxa3+ 35. Kb2 Rxc6 36. Kxa3 Qg5 37. Qh2 Qd2 38. Qh4 a4 39. Qd4+
Qxd4 40. Nb5+ Kb6 41. Nxd4 Rc5 42. bxa4 Rxe5 43. Rb1+ Kc5 44. Nf3 Re2 45. Rb2
Rxb2 46. Kxb2 Kb4 47. g4 Kxa4 48. g5 {Black resigns} 1-0

[Event "Team 45 45 League T37"]
[Site "Internet Chess Club"]
[Date "2008.05.27"]
[Round "5"]
[White "chsrules88"]
[Black "Flying-Tiger"]
[Result "1/2-1/2"]
[WhiteElo "2056"]
[BlackElo "2025"]
[Opening "Sicilian: accelerated fianchetto, modern variation"]
[ECO "B34"]
[Time "20:02:39"]
[TimeControl "2700+45"]

1. e4 c5 2. Nf3 g6 3. d4 cxd4 4. Nxd4 Nc6 5. Nc3 Bg7 6. Be3 Nf6 7. Be2 O-O 8.
O-O d5 9. exd5 Nxd5 10. Nxd5 Qxd5 11. Bf3 Qc4 12. Nxc6 bxc6 13. c3 Be6 14. b3
Qxc3 15. Rc1 Qa5 16. Bxc6 Rac8 17. Qe2 Rfd8 18. Bf3 Rc7 19. Rxc7 Qxc7 20. Qa6
Bd4 21. Bg5 Bc8 22. Qa3 Bc5 23. Qb2 Bb7 24. Bxb7 Qxb7 25. Qe2 f6 26. Qe6+ Kg7
27. Be3 Qd5 28. Qh3 g5 29. Re1 Bb4 30. Rf1 a5 31. f4 gxf4 32. Bxf4 Bc5+ 33. Be3
Bxe3+ 34. Qxe3 Qd4 35. Re1 Kf7 36. Kf2 e5 37. Qxd4 {Game drawn by mutual
agreement} 1/2-1/2

[Event "Team 45 45 League T37"]
[Site "Internet Chess Club"]
[Date "2008.05.24"]
[Round "5"]
[White "Wheels"]
[Black "Atwode"]
[Result "1/2-1/2"]
[WhiteElo "1807"]
[BlackElo "1874"]
[Opening "French: Winawer, classical variation"]
[ECO "C18"]
[Time "20:52:00"]
[TimeControl "2700+45"]

1. e4 e6 2. d4 d5 3. Nc3 Bb4 4. e5 c5 5. a3 Bxc3+ 6. bxc3 Qc7 7. Nf3 b6 8. Bd3
Ba6 9. Bxa6 Nxa6 10. Be3 Ne7 11. Qe2 cxd4 12. Bxd4 Nc5 13. Nd2 O-O 14. O-O Na4
15. c4 Nf5 16. c3 dxc4 17. Nxc4 Rac8 18. Nd6 Nxc3 19. Bxc3 Nxd6 20. Bb4 Nf5 21.
Bxf8 Kxf8 22. f4 Qc5+ 23. Qf2 Ne3 24. Rfe1 Nc2 25. Rec1 Nxa1 26. Rxc5 Rxc5 27.
Qd4 Rc1+ 28. Kf2 g6 29. Qd8+ Kg7 30. Qf6+ Kg8 31. Qe7 Rc3 32. Qxa7 Rc2+ 33. Kg3
Rc3+ 34. Kg4 Nc2 35. Kg5 Kg7 36. a4 Ne3 {Game drawn by mutual agreement} 1/2-1/2

[Event "Team 45 45 League T37"]
[Site "Internet Chess Club"]
[Date "2008.05.25"]
[Round "5"]
[White "PaulKaspar"]
[Black "bmw2002"]
[Result "1-0"]
[WhiteElo "1828"]
[BlackElo "1613"]
[Opening "Caro-Kann: exchange variation"]
[ECO "B13"]
[Time "09:09:55"]
[TimeControl "2700+45"]

1. e4 c6 2. d4 d5 3. exd5 cxd5 4. Nf3 Nf6 5. Bb5+ Bd7 6. Bxd7+ Nbxd7 7. O-O e6
8. Bg5 Bd6 9. c3 O-O 10. Nbd2 Qc7 11. Qc2 Rac8 12. a4 Bf4 13. Bxf4 Qxf4 14. Rfe1
h5 15. Qd3 g5 16. g3 Qg4 17. Kg2 h4 18. h3 Qh5 19. g4 Nxg4 20. hxg4 Qxg4+ 21.
Kh2 Qf4+ 22. Kh1 Kg7 23. Nxg5 Rh8 24. Qe3 Qf5 25. Rg1 Kf6 26. Nh3 Rcg8 27. Rxg8
Rxg8 28. Rg1 Rg6 29. Rxg6+ fxg6 30. Qf3 g5 31. Qxf5+ exf5 32. Kg2 Nb6 33. b3 g4
34. Nf4 Nd7 35. Nxd5+ Kg5 36. c4 f4 37. Ne4+ Kf5 38. Nd6+ Kg5 39. Nxb7 Nf6 40.
Nxf6 Kxf6 41. d5 f3+ 42. Kh2 g3+ 43. fxg3 f2 44. Kg2 hxg3 45. c5 Ke7 46. c6 Ke8
47. d6 {Black resigns} 1-0

[Event "Team 45 45 League T37"]
[Site "Internet Chess Club"]
[Date "2008.05.23"]
[Round "5"]
[White "Checkmates"]
[Black "bbentrup"]
[Result "1-0"]
[WhiteElo "2491"]
[BlackElo "2198"]
[Opening "Modern defense"]
[ECO "A40"]
[Time "21:04:51"]
[TimeControl "2700+45"]

1. d4 g6 2. c4 Bg7 3. e4 Nc6 4. Nf3 e5 5. Bg5 Nge7 6. dxe5 Nxe5 7. Nxe5 Bxe5 8.
Nc3 f6 9. Be3 O-O 10. f4 Bxc3+ 11. bxc3 Nc6 12. c5 Qe7 13. Bd3 b6 14. cxb6 axb6
15. O-O Ra3 16. Bc1 Ra5 17. Be3 Ba6 18. Bxa6 Rxa6 19. Qd3 Rfa8 20. Rfd1 Rxa2 21.
Rxa2 Rxa2 22. Qxd7 Qxe4 23. Qc8+ Kg7 24. Qxc7+ Kh6 25. Bf2 Rxf2 26. Kxf2 Qc2+
27. Ke1 Qxc3+ 28. Kf1 Qc4+ 29. Kg1 Qc5+ 30. Kh1 Nd4 31. Qd8 Nf5 32. Qxf6 Ng3+
33. hxg3 Qh5+ 34. Qh4 {Black resigns} 1-0

[Event "Team 45 45 League T37"]
[Site "Internet Chess Club"]
[Date "2008.05.24"]
[Round "5"]
[White "jazzyjoe"]
[Black "ExpertLevel"]
[Result "1-0"]
[WhiteElo "1694"]
[BlackElo "1796"]
[Opening "Sicilian: Alapin's variation (2.c3)"]
[ECO "B22"]
[Time "10:15:42"]
[TimeControl "2700+45"]

1. e4 c5 2. c3 d5 3. exd5 Qxd5 4. Nf3 g6 5. Be2 Bg7 6. d4 Bg4 7. dxc5 Qxc5 8.
Be3 Qa5 9. O-O Nc6 10. h3 Bf5 11. Qb3 Qc7 12. Rd1 Nf6 13. Nbd2 O-O 14. Nf1 e5
15. Ng3 Be6 16. Qc2 Nd5 17. Bc5 Rfe8 18. Ng5 b6 19. Nxe6 fxe6 20. Ba3 Nd4 21.
Qe4 Nxe2+ 22. Qxe2 Rad8 23. Ne4 Nf4 24. Qf3 Bf8 25. Nf6+ Kg7 26. Nxe8+ Rxe8 27.
Bxf8+ Rxf8 28. Qe3 Nd5 29. Qe2 Nf4 30. Qb5 Rf7 31. Rd2 Qb7 32. f3 Nxh3+ 33. gxh3
Qxf3 34. Qxe5+ Kh6 35. Rad1 Rf5 36. Qe2 Rg5+ 37. Kh2 Qg3+ 38. Kh1 Rh5 39. Qg2
Rxh3+ 40. Qxh3+ Qxh3+ 41. Rh2 Qxh2+ 42. Kxh2 Kg5 43. Rd7 h5 44. Rxa7 Kf4 45. Rb7
e5 46. Rxb6 g5 47. a4 e4 48. Re6 Kf5 49. Re8 Kf4 50. a5 g4 51. a6 h4 52. a7 g3+
53. Kg2 Kg4 54. Rxe4+ Kg5 55. a8=Q h3+ 56. Kxh3 g2 57. Kxg2 {Black resigns} 1-0

[Event "Team 45 45 League T37"]
[Site "Internet Chess Club"]
[Date "2008.05.27"]
[Round "5"]
[White "BigMike"]
[Black "Lazerpawn"]
[Result "1-0"]
[WhiteElo "1765"]
[BlackElo "1672"]
[Opening "Robatsch (modern) defense"]
[ECO "B06"]
[Time "21:00:16"]
[TimeControl "2700+45"]

1. e4 g6 2. d4 Bg7 3. Nf3 d6 4. Bc4 Nf6 5. Qe2 Bg4 6. O-O O-O 7. e5 Nh5 8. Rd1
d5 9. Bb3 Bh8 10. h3 Bxf3 11. Qxf3 c6 12. c4 e6 13. Nc3 a6 14. g4 Ng7 15. Bh6
Qh4 16. Qe3 Qe7 17. Bg5 Qc7 18. Bf6 Nd7 19. h4 Nxf6 20. exf6 Ne8 21. g5 Nd6 22.
Qg3 Qd7 23. c5 Nf5 24. Qf4 Rac8 25. Kh2 h5 26. Na4 Qc7 27. Qxc7 Rxc7 28. Kh3 Re8
29. f4 Rd8 30. Rd2 Kf8 31. Re1 b5 32. cxb6 Rb7 33. Rc1 Rc8 34. Nc5 Rxb6 35. Nd7+
Ke8 36. Nxb6 Rb8 37. Rxc6 Kd8 38. Na4 a5 39. Nc5 Rb4 40. Na6 Rb7 41. Ba4 Ne3 42.
Rc3 Nc4 43. Rdc2 Rb6 44. Nc5 Rb4 45. Bb3 Nd6 46. Rd2 Ke8 47. a3 Rb8 48. Ba4+ Kd8
49. b3 Rb6 50. Rdd3 Rb8 51. Nd7 Rb7 52. Ne5 Bxf6 53. gxf6 Ne4 54. Rc2 Nxf6 55.
Nc6+ Kc8 56. Nxa5+ Rc7 57. Rxc7+ Kxc7 58. b4 Kb6 59. Nc6 Ne4 60. Kg2 f6 61. Ne7
g5 62. fxg5 fxg5 63. hxg5 Nxg5 64. Rc3 Ne4 65. Re3 Kc7 66. Rxe4 dxe4 67. Bc2 Kd6
68. Bxe4 Kxe7 69. b5 Kd7 70. b6 Kc8 71. b7+ Kb8 72. a4 h4 73. a5 h3+ 74. Kxh3 e5
75. dxe5 Ka7 76. e6 Ka6 77. b8=Q Kxa5 78. e7 {Black resigns} 1-0

[Event "Team 45 45 League T37"]
[Site "Internet Chess Club"]
[Date "2008.05.23"]
[Round "5"]
[White "littleboo"]
[Black "crag"]
[Result "1/2-1/2"]
[WhiteElo "1457"]
[BlackElo "1585"]
[Opening "Four knights: symmetrical variation"]
[ECO "C49"]
[Time "17:02:04"]
[TimeControl "2700+45"]

1. e4 e5 2. Nc3 Nf6 3. Nf3 Nc6 4. Bb5 Bb4 5. O-O O-O 6. d3 d6 7. Bg5 Bxc3 8.
bxc3 Bg4 9. h3 Bh5 10. Qe2 h6 11. Bd2 a6 12. Bxc6 bxc6 13. Rab1 Qd7 14. c4 Rab8
15. c3 Rfe8 16. Qe3 Qe6 17. Qa7 Qc8 18. Rxb8 Qxb8 19. Qxa6 Qa8 20. Qxa8 Rxa8 21.
g4 Bg6 22. Ra1 Nd7 23. Kf1 Nc5 24. Ke2 Nb3 25. Rb1 Nc5 26. Rb2 f6 27. Be3 Na4
28. Rc2 c5 29. Nd2 Kf7 30. f4 Ke7 31. f5 Be8 32. Kf3 Nb6 33. h4 Ra3 34. Nb3 Ba4
35. Rb2 Bxb3 36. axb3 Ra1 37. Kf2 Rh1 38. Kg3 Rd1 39. Bd2 Rg1+ 40. Kf3 Rh1 41.
h5 Rh3+ 42. Ke2 Rg3 43. Ra2 Rxg4 44. Ra7 Kd8 45. b4 cxb4 46. cxb4 Rh4 47. Be3
Nc8 48. Rb7 Rxh5 49. b5 Rh2+ 50. Kf3 Rb2 51. Bc1 Rb3 52. Ke3 h5 53. Kd2 h4 54.
Ke3 h3 55. Kf2 Rxd3 56. b6 Nxb6 57. Rb8+ Nc8 58. Be3 Rc3 59. c5 dxc5 60. Kf3 h2
61. Rb1 Rb3 62. Rh1 Rb2 63. Bxc5 Kd7 64. Bf8 Ke8 65. Bxg7 Kf7 66. Bh6 c5 67. Be3
c4 68. Bf2 c3 69. Rxh2 c2 70. Rh7+ Ke8 71. Be3 Ne7 72. Rh2 Kd7 73. Rd2+ Kc6 74.
Rd3 Kb5 75. Rd7 Rb3 76. Rb7+ Ka4 77. Rc7 c1=Q {Game drawn by mutual agreement}
1/2-1/2

[Event "Team 45 45 League T37"]
[Site "Internet Chess Club"]
[Date "2008.05.26"]
[Round "5"]
[White "houseofcook"]
[Black "fuzzface"]
[Result "0-1"]
[WhiteElo "1405"]
[BlackElo "1331"]
[Opening "Sicilian: Alapin's variation (2.c3)"]
[ECO "B22"]
[Time "13:00:15"]
[TimeControl "2700+45"]

1. e4 c5 2. c3 Nc6 3. d4 e6 4. Nf3 g6 5. Be2 Nge7 6. O-O cxd4 7. cxd4 d5 8. e5
Bg7 9. Nc3 O-O 10. Bg5 f6 11. exf6 Bxf6 12. Bxf6 Rxf6 13. Re1 Qf8 14. Bb5 a6 15.
Bxc6 Nxc6 16. Qd2 Bd7 17. Re2 Rxf3 18. gxf3 Qxf3 19. Qe3 Qg4+ 20. Qg3 Qxd4 21.
Rd1 Qg7 22. Na4 Nd4 23. Red2 Bxa4 24. Rxd4 Bxd1 25. Rxd1 Qxb2 26. Qd6 Qe2 27.
Rf1 Rf8 28. Qc5 Rf7 29. Qc8+ Kg7 30. Qc3+ e5 31. Qg3 Rf5 32. f3 Qe3+ 33. Kh1 e4
34. Qc7+ Kh6 35. Qg3 Qg5 36. Qh3+ Qh5 37. Qxh5+ Kxh5 38. f4 g5 39. Rc1 Rxf4 40.
Rc7 Kg4 41. Rxh7 e3 42. h3+ Kg3 43. Rg7 Rf1# {White checkmated} 0-1

[Event "Team 45 45 League T37"]
[Site "Internet Chess Club"]
[Date "2008.05.22"]
[Round "5"]
[White "jschneigi"]
[Black "AtomicDog"]
[Result "1-0"]
[WhiteElo "1242"]
[BlackElo "1324"]
[Opening "Sicilian: Najdorf, Adams attack"]
[ECO "B90"]
[Time "16:33:35"]
[TimeControl "2700+45"]

1. e4 c5 2. Nf3 d6 3. d4 cxd4 4. Nxd4 Nf6 5. Nc3 a6 6. h3 e5 7. Nf3 Be7 8. Bc4
O-O 9. Bg5 Nbd7 10. O-O b5 11. Bb3 Bb7 12. Re1 Nc5 13. Bxf6 Bxf6 14. Bd5 Rb8 15.
b4 Ne6 16. Bxb7 Rxb7 17. Nd5 Rd7 18. c3 Re8 19. a4 Nc7 20. Qd3 Nxd5 21. Qxd5 Qb8
22. axb5 Qxb5 23. Qxb5 axb5 24. Ra5 Rb7 25. Nd2 Bd8 26. Ra8 Kf8 27. Rb1 Bb6 28.
Rxe8+ Kxe8 29. c4 Bd4 30. cxb5 Rxb5 31. Nc4 Ke7 32. Na3 Rb7 33. b5 Bc5 34. Nc4
Ke6 35. Na5 Rb6 36. Kf1 f5 37. f3 fxe4 38. fxe4 Rb8 39. Ke2 Rf8 40. b6 Rf2+ 41.
Kd3 Rf8 42. b7 Rb8 43. Nc6 d5 44. exd5+ Kxd5 45. Nxb8 e4+ 46. Ke2 Bd6 47. Rc1
Bxb8 48. Rc8 {Black resigns} 1-0

[Event "Team 45 45 League T37"]
[Site "Internet Chess Club"]
[Date "2008.05.24"]
[Round "5"]
[White "Kingangyal"]
[Black "ffplayer"]
[Result "0-1"]
[WhiteElo "1195"]
[BlackElo "1094"]
[Opening "Queen's bishop game"]
[ECO "D00"]
[Time "15:00:10"]
[TimeControl "2700+45"]

1. d4 d5 2. Bf4 Nf6 3. Nf3 Bg4 4. e3 Nbd7 5. h3 Bh5 6. Be2 e6 7. O-O Be7 8. Nbd2
O-O 9. c4 c6 10. c5 b6 11. b4 Ne4 12. Nxe4 dxe4 13. Ng5 Bxe2 14. Qxe2 Bxg5 15.
Qg4 Bxf4 16. Qxf4 Nf6 17. g4 Qd5 18. g5 Nh5 19. Qg4 g6 20. h4 Qf5 21. Qxf5 exf5
22. Kg2 b5 23. f3 a5 24. a3 a4 25. Ra2 Rfe8 26. f4 Ng7 27. Rh1 Ne6 28. h5 Nc7
29. hxg6 fxg6 30. Kf2 Kg7 31. Rh6 Rh8 32. Ra1 Nd5 33. Rc1 Nc7 34. Rc2 Rad8 35.
Rd2 Nd5 36. Rc2 Nxf4 37. exf4 Rxd4 38. Rh3 Rhd8 39. Ke2 Rd3 40. Re3 Rxe3+ 41.
Kxe3 Rd3+ 42. Ke2 Rxa3 43. Rd2 Rd3 44. Rxd3 exd3+ 45. Kxd3 Kf7 46. Kd4 Ke6 47.
Kc3 Kd5 48. Kd3 a3 49. Kc3 a2 50. Kb2 a1=Q+ 51. Kxa1 Kc4 52. Kb2 Kxb4 53. Kc2
Kxc5 54. Kc3 b4+ 55. Kb3 Kb5 56. Kb2 c5 57. Kb3 c4+ 58. Kc2 Kc5 59. Kb2 Kd4 60.
Kc2 c3 61. Kb3 Kd3 62. Kxb4 c2 63. Kc5 c1=Q+ 64. Kd5 Qxf4 65. Ke6 Qxg5 66. Kd5
Qf4 67. Ke6 Kd4 68. Kf6 Qe5+ 69. Kg5 f4+ 70. Kg4 f3 71. Kxf3 Qe3+ 72. Kg4 Qf2
73. Kg5 h5 74. Kxg6 Qf4 75. Kxh5 Qg3 76. Kh6 Qg4 77. Kh7 Qg5 78. Kh8 Ke5 79. Kh7
Kf6 80. Kh8 Qg7# {White checkmated} 0-1

[Event "Team 45 45 League T37"]
[Site "Internet Chess Club"]
[Date "2008.05.26"]
[Round "5"]
[White "cysk"]
[Black "SeniorCitizen"]
[Result "1/2-1/2"]
[WhiteElo "1433"]
[BlackElo "1407"]
[Opening "French: advance variation"]
[ECO "C02"]
[Time "14:04:06"]
[TimeControl "2700+45"]

1. e4 e6 2. d4 d5 3. e5 c5 4. c3 cxd4 5. cxd4 Nc6 6. Nf3 Nge7 7. Bd3 Qb6 8. Na3
a6 9. O-O Nf5 10. Nc2 Bd7 11. Be2 g6 12. a3 Bg7 13. Rb1 O-O 14. g4 Nfe7 15. Be3
Qc7 16. Qd2 f6 17. Bh6 fxe5 18. Bxg7 Kxg7 19. dxe5 Nxe5 20. Ng5 N7c6 21. Qc3 h6
22. Nf3 Kh7 23. Nxe5 Qxe5 24. Qxe5 Nxe5 25. Ne3 Nf3+ 26. Kh1 Nd2 27. Rbc1 Nxf1
28. Rc7 Nxe3 29. Rxd7+ Rf7 30. Rxf7+ Kg8 31. Rxb7 Nc4 32. Bxc4 dxc4 33. Rc7 Rb8
34. Rxc4 Rxb2 35. Kg2 Rb7 36. Rc6 Kf7 37. Rxa6 Kf6 38. a4 Ke5 39. Kg3 g5 40. h4
Rb3+ 41. f3 gxh4+ 42. Kxh4 Rxf3 43. Ra5+ Kf6 44. Ra8 Ra3 45. Ra6 Rc3 46. a5 Ra3
47. Ra8 Kg6 48. a6 e5 49. a7 e4 50. Re8 Rxa7 51. Rxe4 Rf7 52. Re6+ Rf6 53. Rxf6+
Kxf6 54. Kh5 Kg7 55. Kh4 Kg6 56. Kg3 Kg5 {Game drawn by mutual agreement}
1/2-1/2

[Event "Team 45 45 League T37"]
[Site "Internet Chess Club"]
[Date "2008.05.26"]
[Round "5"]
[White "chips"]
[Black "MrSlippery"]
[Result "0-1"]
[WhiteElo "1062"]
[BlackElo "1278"]
[Opening "Owen defense"]
[ECO "B00"]
[Time "17:10:18"]
[TimeControl "2700+45"]

1. e4 b6 2. d3 Bb7 3. Nc3 g6 4. Nf3 Bg7 5. Bd2 e6 6. Be2 Ne7 7. Bg5 O-O 8. Bd2
d6 9. Bc1 Nd7 10. Qd2 d5 11. exd5 Nxd5 12. Nxd5 Bxd5 13. O-O Ne5 14. Nxe5 Bxe5
15. g3 f5 16. f4 Bd4+ 17. Rf2 Bxf2+ 18. Kxf2 Qf6 19. c3 e5 20. d4 exf4 21. Qxf4
Qe7 22. Be3 Rae8 23. Bf3 Bxf3 24. Qxf3 f4 25. Bxf4 g5 26. Qd5+ Rf7 27. Kg2 gxf4
28. gxf4 Qe2+ 29. Kh3 Re3+ 30. Kh4 Qxh2+ 31. Kg4 Rg3# {White checkmated} 0-1

[Event "Team 45 45 League T37"]
[Site "Internet Chess Club"]
[Date "2008.05.26"]
[Round "5"]
[White "werty"]
[Black "scar99"]
[Result "0-1"]
[WhiteElo "1476"]
[BlackElo "1381"]
[Opening "King's Indian defense"]
[ECO "E60"]
[Time "14:00:23"]
[TimeControl "2700+45"]

1. d4 Nf6 2. c4 g6 3. e3 Bg7 4. Nc3 O-O 5. Nf3 d6 6. Bd3 Nbd7 7. O-O e5 8. Re1
Nh5 9. dxe5 dxe5 10. e4 c6 11. Be3 f5 12. exf5 gxf5 13. Ng5 Ndf6 14. Be2 Qe8 15.
Bc5 Bd7 16. Bxf8 Bxf8 17. Bxh5 Nxh5 18. Qe2 Qg6 19. Nh3 Re8 20. Kh1 Bc5 21. Rad1
Bd4 22. Rd2 c5 23. Ng1 Bc6 24. Nd5 Nf4 25. Qf3 Kh8 26. Ne2 Nxd5 27. cxd5 e4 28.
Qg3 Bxd5 29. Qxg6 hxg6 30. Nxd4 cxd4 31. Rxd4 Bc6 32. Kg1 Kg7 33. h3 g5 34. Kh2
f4 35. g3 e3 36. fxe3 fxe3 37. g4 Rf8 38. Rxe3 Rf2+ 39. Kg3 Rg2# {White
checkmated} 0-1

[Event "Team 45 45 League T37"]
[Site "Internet Chess Club"]
[Date "2008.05.27"]
[Round "5"]
[White "Bootsie"]
[Black "CSCARChaplain"]
[Result "1/2-1/2"]
[WhiteElo "1237"]
[BlackElo "902"]
[Opening "Giuoco Piano"]
[ECO "C54"]
[Time "13:53:43"]
[TimeControl "2700+45"]

1. e4 e5 2. Nf3 Nc6 3. Bc4 Bc5 4. c3 Nf6 5. O-O O-O 6. d4 exd4 7. cxd4 Bb6 8.
Nc3 d6 9. a3 Be6 10. d5 Na5 11. Qe2 Bd7 12. Be3 Nxc4 13. Qxc4 Bxe3 14. fxe3 a6
15. a4 Ng4 16. Qe2 Ne5 17. Nxe5 dxe5 18. Qf2 f6 19. Rad1 Rc8 20. b3 Qe8 21. Ne2
b5 22. a5 b4 23. Ng3 Rb8 24. Nf5 Bxf5 25. Qxf5 Qc8 26. Qe6+ Qxe6 27. dxe6 Rfe8
28. Rd7 Rxe6 29. Rfd1 Ree8 30. Rxc7 Red8 31. Rcd7 Re8 32. R1d6 Ra8 33. Kf2 Kf8
34. g4 Rec8 35. Rd2 h6 36. h3 Rc3 37. Rd8+ Rxd8 38. Rxd8+ Kf7 39. Rd7+ Ke6 40.
Rxg7 Rxb3 41. Rb7 Rb2+ 42. Ke1 b3 43. Rb6+ Kf7 44. Rxa6 Ra2 45. Ra7+ Kg6 46. Rb7
b2 47. Kd1 Ra1+ 48. Kc2 Rxa5 49. Rxb2 Kg5 50. Rb7 Kh4 51. Rh7 Kxh3 52. Rxh6+
Kxg4 53. Kd3 f5 54. Rg6+ Kf3 55. exf5 Ra3+ 56. Kc4 Ra4+ 57. Kb5 Ra7 58. Re6 Kxe3
59. f6 Kf4 60. Re7 Ra8 61. Kc6 Ra6+ 62. Kd5 Rxf6 63. Rxe5 Rf5 64. Rxf5+ Kxf5
{Game drawn because neither player has mating material} 1/2-1/2

[Event "Team 45 45 League T37"]
[Site "Internet Chess Club"]
[Date "2008.05.24"]
[Round "5"]
[White "john-beebs"]
[Black "ticopatzer"]
[Result "0-1"]
[WhiteElo "1497"]
[BlackElo "1383"]
[Opening "Pirc: classical (two knights) system"]
[ECO "B06"]
[Time "14:58:28"]
[TimeControl "2700+45"]

1. e4 g6 2. d4 d6 3. Nf3 Bg7 4. Nc3 Nf6 5. Bf4 O-O 6. h3 c5 7. e5 Nfd7 8. exd6
cxd4 9. Ne4 e5 10. Bd2 b6 11. Bd3 Nc5 12. O-O Bb7 13. Re1 Nxe4 14. Bxe4 Bxe4 15.
Rxe4 Qxd6 16. a3 Qd5 17. Qe1 f5 18. Re2 e4 19. Bb4 exf3 20. Re8 Nd7 21. Rxf8+
Bxf8 22. Bxf8 Rxf8 23. g3 Ne5 24. Rd1 Nc4 25. b3 Nxa3 26. c4 Qe4 27. Qxe4 fxe4
28. Rxd4 Re8 29. Rd7 e3 30. fxe3 Rxe3 31. Rxa7 Rxb3 32. Rb7 Nxc4 33. Kf2 Nd2 34.
Re7 b5 35. Ke1 Rb1+ 36. Kf2 Rf1+ 37. Ke3 Re1+ 38. Kxd2 Rxe7 {White resigns} 0-1

[Event "Team 45 45 League T37"]
[Site "Internet Chess Club"]
[Date "2008.05.25"]
[Round "5"]
[White "Glassywoman"]
[Black "curtintime"]
[Result "1-0"]
[WhiteElo "1457"]
[BlackElo "1351"]
[Opening "Giuoco Pianissimo"]
[ECO "C24"]
[Time "19:56:32"]
[TimeControl "2700+45"]

1. e4 e5 2. Bc4 Nf6 3. d3 Nc6 4. Nf3 Bc5 5. O-O d6 6. h3 Na5 7. Bd5 c6 8. Bb3
Nxb3 9. axb3 h6 10. Nbd2 O-O 11. Nc4 b5 12. Na5 Qb6 13. c3 Qc7 14. b4 Bb6 15.
Nb3 Bb7 16. Nh4 d5 17. Qf3 dxe4 18. dxe4 c5 19. Nf5 Bxe4 20. Nxh6+ gxh6 21. Qxf6
Qb7 22. Bxh6 {Black resigns} 1-0

[Event "Team 45 45 League T37"]
[Site "Internet Chess Club"]
[Date "2008.05.26"]
[Round "5"]
[White "jocooper"]
[Black "Kalar-Yadwa"]
[Result "1/2-1/2"]
[WhiteElo "1176"]
[BlackElo "1310"]
[Opening "Queen's pawn game"]
[ECO "D04"]
[Time "16:01:55"]
[TimeControl "2700+45"]

1. d4 Nf6 2. Nf3 d5 3. e3 Bg4 4. Nbd2 e6 5. Bd3 Nbd7 6. O-O Bd6 7. Re1 O-O 8. h3
Bh5 9. e4 e5 10. c3 exd4 11. cxd4 dxe4 12. Nxe4 Bb4 13. Nxf6+ Nxf6 14. Re2 Nd5
15. Bg5 f6 16. Bd2 Bxd2 17. Rxd2 Kh8 18. g3 Re8 19. Be2 Qd6 20. Ne5 Bg6 21.
Nxg6+ hxg6 22. Bd3 f5 23. Bc4 c6 24. Bxd5 Qxd5 25. b3 Re7 26. Re2 Rae8 27. Rxe7
Rxe7 28. Qd2 Re6 29. Rc1 Re4 30. Rc5 Qxd4 31. Qxd4 Rxd4 32. Re5 Rd5 33. f4 Kg8
34. Re7 Rb5 35. Kf2 Kf8 36. Rd7 a5 37. Rd6 Kf7 38. Rd7+ Kf6 39. Rd6+ Kf7 40.
Rd7+ Kf6 41. Rd6+ {Game drawn by mutual agreement} 1/2-1/2

[Event "Team 45 45 League T37"]
[Site "Internet Chess Club"]
[Date "2008.05.27"]
[Round "5"]
[White "moreffee"]
[Black "uipawn"]
[Result "1/2-1/2"]
[WhiteElo "1249"]
[BlackElo "1226"]
[Opening "Sicilian: Smith-Morra gambit"]
[ECO "B21"]
[Time "17:12:27"]
[TimeControl "2700+45"]

1. e4 c5 2. d4 cxd4 3. c3 dxc3 4. Nxc3 Nc6 5. Nf3 e5 6. Bc4 h6 7. O-O Nf6 8. Qe2
a6 9. Rd1 Be7 10. Be3 O-O 11. Rac1 Nh7 12. Nd5 Bg5 13. Bb6 Qe8 14. Nxg5 Nxg5 15.
Nc7 Qe7 16. Nxa8 Nd4 17. Bxd4 exd4 18. Bd3 d5 19. exd5 Qxe2 20. Bxe2 Bf5 21.
Rxd4 Rxa8 22. h4 Nh7 23. Bd3 Bxd3 24. Rxd3 Nf6 25. d6 Rd8 26. Rc7 b5 27. Ra7 Nd7
28. Rd2 {Game drawn by mutual agreement} 1/2-1/2